[Event "Sardinia World Festival-A 2024"]
[Site "Orosei"]
[Date "2024.04.29"]
[Round "3.5"]
[White "Huschenbeth, Niclas"]
[Black "Olsen, Filip Boe"]
[Result "1-0"]
[ECO "B12"]
[WhiteElo "2607"]
[BlackElo "2440"]
[Annotator "TA"]
[PlyCount "101"]
[EventDate "2024.04.26"]
[EventType "swiss"]
[EventCountry "ITA"]
[SourceTitle "playchess.com"]
[Source "ChessBase"]
[SourceQuality "1"]
[TimeControl "40/5400+30:1800+30"]

1. e4 c6 2. d4 d5 3. e5 Bf5 4. Nf3 e6 5. Be2 Nd7 6. O-O a5 {[%emt 0:00:12] B12: Caro-Kann: Advance Variation.} 7. Re1 $5 {[%emt 0:16:28][%mdl 4] Leaves trodden paths.} a4 8. Nbd2 h6 9. Nf1 Bh7 10. Ng3 Ne7 11. c3 c5 12. Bb5 Qa5 $146 ({Predecessor:} 12... a3 13. bxa3 Nc6 14. a4 Be7 15. c4 Nb6 16. cxd5 Qxd5 17. Ba3 O-O 18. Bxc5 Bxc5 19. dxc5 Qxc5 {1-0 Pranav,V (2545)-Mendonca,L (2596) Sunway Formentera playoff 1-4 blitz 2023 (2.1)}) 13. Bxd7+ Kxd7 14. dxc5 Nc6 15. c4 Qxc5 16. cxd5 Qxd5 17. Qxd5+ exd5 18. Rd1 Ra5 19. Bd2 Bb4 20. a3 Bxd2 21. Rxd2 Kc7 22. Nd4 Re8 (22... Nxe5 $11 23. Nh5 Rg8) 23. f4 $14 g5 {[%emt 0:02:52] [#]} 24. Nh5 $1 gxf4 25. Nf6 Rh8 26. Re1 Bg6 27. h4 Kb6 28. Kf2 Rc8 29. h5 Be4 30. Nxc6 Rxc6 31. Nxe4 dxe4 32. Rxe4 Re6 33. Rde2 Rd5 (33... Kc6 $16 34. Kf3 (34. Rxf4 Raxe5 35. Rxe5 Rxe5 $16) 34... Kd7 35. Kxf4 (35. Rxf4 Ke7 $18) 35... Rb6 36. Rd4+ Ke7) 34. Kf3 (34. Rxa4 $6 Rdxe5 35. Rxe5 Rxe5 $16) 34... Rd3+ (34... Kc6 $142 35. Rxf4 (35. Rxa4 Rexe5 36. Rxe5 Rxe5 $16) 35... Rdxe5 36. Rxe5 Rxe5) 35. Kxf4 f6 $2 (35... Ka5 36. Rf2 f6) 36. Kf5 $18 Rxe5+ 37. Rxe5 ({Worse is} 37. Kxf6 Rxh5 38. Kg6 (38. Rxa4 Rd6+ 39. Kf7 Rf5+ 40. Kg7 h5 $11) 38... Rg5+ 39. Kxh6 Rdg3 $11) 37... fxe5 38. g4 Rf3+ 39. Kg6 Rg3 40. Kf5 (40. Rxe5 $142 {[%cal Og4g5] g5! is the strong threat.} Rxg4+ 41. Kxh6) 40... Rf3+ $1 $18 41. Kg6 (41. Kxe5 $142 Kc6 42. Rc2+ Kb5 43. Rc7) 41... Rg3 $18 42. Kxh6 Rxg4 43. Rxe5 Rg2 44. Rg5 Rxb2 45. Kg7 (45. Kg6 $142 Rd2 46. h6 Rd6+ 47. Kh5 Rd7 48. Rf5 Rd3 49. h7 Rd1 50. Kg6 (50. h8=R $2 {too greedy.} Rh1+ 51. Kg4 Rxh8 $19)) 45... Rd2 46. h6 Rd7+ 47. Kg6 Rd6+ 48. Kh5 Rd7 49. Rf5 Rd3 50. h7 Rxa3 51. Rf4 (51. h8=R $2 {perishes.} Rh3+ 52. Kg4 Rxh8 $19) 1-0

[Event "Sardinia World Festival-A 2024"]
[Site "Orosei"]
[Date "2024.04.29"]
[Round "3.6"]
[White "Sonis, Francesco"]
[Black "Trost, Edvin"]
[Result "1-0"]
[ECO "D12"]
[WhiteElo "2562"]
[BlackElo "2434"]
[Annotator "TA"]
[PlyCount "67"]
[EventDate "2024.04.26"]
[EventType "swiss"]
[EventCountry "ITA"]
[SourceTitle "playchess.com"]
[Source "ChessBase"]
[SourceQuality "1"]
[TimeControl "40/5400+30:1800+30"]

1. d4 d5 2. c4 c6 3. Nf3 Nf6 4. e3 Bf5 5. Nc3 e6 6. Nh4 Bg6 7. Qb3 Qc7 8. Nxg6 hxg6 9. h3 {[%emt 0:01:29] White is slightly better.} Be7 10. Bd2 Nbd7 11. Rc1 Nb6 12. cxd5 exd5 13. Bd3 O-O 14. O-O Rfe8 15. f3 Qd6 (15... Nh5 $11) 16. Ne2 $14 Bd8 17. g4 (17. e4 $5 dxe4 18. fxe4 $14) 17... Bc7 18. Rf2 {[%emt 0:00:07][%cal Oe3e4] Inhibits Qh2+.} a5 {[%emt 0:00:14] [#]} (18... Qe6 $11) 19. e4 $1 dxe4 20. fxe4 a4 21. Qc2 {[%emt 0:00:02] And now e5 would win.} Qe6 22. e5 Nfd5 23. Rcf1 $36 {[%emt 0:00:05][%mdl 2048] Black must now prevent Rxf7. White is pushing.} Rf8 24. Ng3 {[%emt 0:02:19][%cal Be2g3,Bg3e4,Be4g5,Bg5e6][%mdl 32] Hoping for Ne4. White is more active.} Qe7 {[%emt 0:03:27] A mistake that costs the game.} ({Better is} 24... Nd7 $1 $14) 25. Ne4 $18 Nb4 $2 (25... Qh4 26. Rf3 a3) 26. Bxb4 Qxb4 {[%emt 0:00:58] [#]} 27. Ng5 $1 {[%emt 0:00:29][%cal Od3g6] Threatening mate with Bxg6!} f6 28. Ne6 Nd5 29. Bc4 Bb6 30. Qxg6 Rf7 31. Bd3 {[%emt 0:00:23][%csl Gd3][%cal Rg6h7] White mates.} f5 32. Bxf5 Nf6 33. exf6 Bxd4 34. Qh7# {[%emt 0:00:05] Weighted Error Value: White=0.06 (flawless) /Black=0.56.  Mistake:       	---       	Black=4      Inaccurate:     	White=2     	Black=1      OK:         	White=8     	Black=5      Best:        	White=2     	---        Brilliant:      	White=1     	---} 1-0

[Event "Sardinia World Festival-A 2024"]
[Site "Orosei"]
[Date "2024.04.29"]
[Round "3.7"]
[White "Kilic, Eray"]
[Black "Sivuk, Vitaly"]
[Result "1-0"]
[ECO "B11"]
[WhiteElo "2429"]
[BlackElo "2551"]
[Annotator "TA"]
[PlyCount "52"]
[EventDate "2024.04.26"]
[EventType "swiss"]
[EventCountry "ITA"]
[SourceTitle "playchess.com"]
[Source "ChessBase"]
[SourceQuality "1"]
[TimeControl "40/5400+30:1800+30"]

1. e4 c6 2. Nc3 d5 3. Nf3 Bg4 4. h3 Bxf3 5. Qxf3 Nf6 6. d3 e6 7. Bd2 a5 8. g4 a4 9. a3 Be7 {[%emt 0:08:09] White is slightly better.} 10. g5 Nfd7 11. h4 Qb6 12. O-O-O $1 d4 13. Ne2 c5 14. h5 Rf8 15. Qg3 g6 16. hxg6 hxg6 17. f4 {[%emt 0:00:08][%cal Bf2f4,Bf4f5][%mdl 32] White is more active.} Nc6 {[%emt 0:00:16][%cal Oc5c4] [#]} 18. f5 $1 $36 {[%emt 0:02:13][%mdl 2048] White fights for an advantage.} Nce5 19. Nf4 Rc8 $2 {[%emt 0:00:25] Loses the game.} (19... O-O-O $14) 20. fxe6 fxe6 21. Rh7 Rc6 22. Bh3 Rg8 $2 (22... c4 {is tougher.} 23. dxc4 Bc5) 23. Re1 {[%emt 0:01:54][%cal Of4d5] Threatens to win with Nd5!} c4 $2 {[%emt 0:04:58] [#]} (23... Bd8 24. Kb1 Nf8) 24. Nd5 $1 $18 exd5 (24... Qb5 25. Rxe7+) 25. Bxd7+ Nxd7 26. exd5 Qd8 {[%emt 0:41:23] Weighted Error Value: White=0.29 (precise) /Black=0.91.  Loses game:     	---       	Black=1      Mistake:       	---       	Black=2      Inaccurate:     	White=2     	---        OK:         	White=6     	Black=3      Best:        	---       	Black=2      Strong:       	White=1     	---        Brilliant:      	White=1     	---} 1-0

[Event "Sardinia World Festival-A 2024"]
[Site "Orosei"]
[Date "2024.04.29"]
[Round "3.8"]
[White "Kanov, Nikola"]
[Black "Bharath Subramaniyam H"]
[Result "0-1"]
[ECO "B90"]
[WhiteElo "2423"]
[BlackElo "2544"]
[Annotator "TA"]
[PlyCount "66"]
[EventDate "2024.04.26"]
[EventType "swiss"]
[EventCountry "ITA"]
[SourceTitle "playchess.com"]
[Source "ChessBase"]
[SourceQuality "1"]
[TimeControl "40/5400+30:1800+30"]

1. e4 c5 2. Nf3 d6 3. d4 cxd4 4. Nxd4 Nf6 5. Nc3 a6 6. Be3 e5 7. Nb3 Be6 8. h3 Be7 9. f4 exf4 10. Bxf4 {[%emt 0:00:10] The position is equal.} Nc6 11. Qe2 Ne5 12. O-O-O {[%emt 0:00:24] Bxe5 is the strong threat.} Nfd7 13. Kb1 Rc8 14. Qe3 O-O 15. g4 h6 16. Nd4 Bf6 17. Nxe6 (17. Nf5 {seems wilder.} Ng6 18. Bxd6 Bxc3 19. Bxf8 Bxb2 20. Kxb2 Qxf8 21. c3) 17... fxe6 18. Rxd6 Qe7 19. Rd1 Rc6 20. Be2 (20. Qg3 $1 $11) 20... Nb6 $1 $17 {[%emt 0:00:00] ...Nec4 would now be deadly. Excellent horsemanship.} 21. Nd5 exd5 22. exd5 Rd6 23. Rhe1 (23. c4 $17 {was necessary.} Nbxc4 (23... Nexc4 24. Qxe7 Bxe7 25. Bxd6 $19) 24. Bxc4 Nxc4 25. Qxe7 Bxe7 26. Bxd6 Bxd6 27. Rc1) 23... Na4 $2 (23... Nxd5 $19 24. Qb3 Bh4) 24. Qa3 (24. Qd4 $1 $15 Nb6 25. Bg3) 24... Qd7 $1 $19 {[%emt 0:00:00][%cal Od6b6] And now ...Rb6! would win.} 25. g5 (25. Rd4 {only move.} b5 (25... Rxd5 $2 26. Qb3 $18) 26. Qg3) 25... hxg5 (25... Bxg5 $2 26. Bxe5 Rdf6 27. b3 $18) 26. Bxe5 Bxe5 27. Bg4 {[%emt 0:00:06] [#]} Nc3+ $1 (27... Bxb2 28. Bxd7 Bxa3 29. Bxa4 $15) 28. bxc3 $2 {[%emt 0:01:39] [#]} (28. Qxc3 Bxc3 29. Bxd7 Bxe1 30. Be6+ Rxe6 31. dxe6) 28... Rb6+ $1 29. Ka1 Qd6 (29... Qa4 $142 30. Qb3 Rxb3 31. cxb3 Qa5 (31... Bxc3+ $2 32. Kb1 $19)) 30. Be6+ Kh8 31. Qa5 Rb5 32. Rxe5 Rxa5 33. Rxg5 Rf6 {[%emt 0:00:00] Weighted Error Value: White=1.01/Black=0.32.  Loses game:     	White=1     	---        Missed win:     	---       	Black=1      Mistake:       	White=4     	---        Inaccurate:     	White=2     	---        OK:         	White=7     	Black=10     Best:        	White=2     	Black=2      Strong:       	---       	Black=3} (33... g6 $142 34. h4 Rf6 (34... Qa3 $2 35. d6 $19) 35. h5 Rxe6 36. dxe6 Qxd1+ (36... Rxg5 $2 {too greedy.} 37. Rxd6 Re5 38. hxg6 $18) 37. Kb2 Rxg5 38. a4 Rg2 (38... gxh5 {is a self mate.} 39. e7 Qe1 40. e8=Q+ Qxe8 41. Kb3 Rg3 42. Kb2 Qxa4 43. Kc1 Rg2 44. Kb2 Rxc2+ 45. Kb1 Qa2#) 39. Kb3 b6 (39... Qxh5 {gets mated.} 40. e7 Qe2 41. Ka3 Qxe7+ 42. Kb3 Qe6+ 43. Kb2 Qc4 44. Kb1 Qxc3 45. Ka2 Rxc2+ 46. Kb1 Qb2#) 40. hxg6 Qxc2+ 41. Kc4 Qe4+ (41... Qxg6 42. Kd5 Qf5+ 43. Kc6 Qxe6+ 44. Kb7 b5 45. axb5 Rg7+ 46. Kb8 Qg8#) 42. Kb3 Qxe6+ (42... Rxg6 43. e7 Qxe7 44. Kc2 Qe4+ 45. Kb2 Qc4 46. Kb1 Rg2 47. Kc1 Qf1#) (42... Qd5+ $2 43. c4 Qf3+ 44. Kb4 Rb2#) 43. c4 Qh3+ 44. Kb4 Rb2#) 0-1

[Event "Sardinia World Festival-A 2024"]
[Site "Orosei"]
[Date "2024.04.29"]
[Round "3.9"]
[White "Erdogmus, Yagiz Kaan"]
[Black "Yankelevich, Lev"]
[Result "1/2-1/2"]
[ECO "D00"]
[WhiteElo "2540"]
[BlackElo "2413"]
[Annotator "TA"]
[PlyCount "69"]
[EventDate "2024.04.26"]
[EventType "swiss"]
[EventCountry "ITA"]
[SourceTitle "playchess.com"]
[Source "ChessBase"]
[SourceQuality "1"]
[TimeControl "40/5400+30:1800+30"]

1. d4 Nf6 2. Bg5 d5 3. Nd2 c6 4. e3 Bf5 5. Bxf6 exf6 6. c4 Qb6 7. Qc1 a5 8. Ne2 {[%emt 0:02:41] White has an edge.} Nd7 9. Nc3 Rc8 10. Be2 dxc4 11. O-O Bd3 12. Nxc4 Bxc4 13. Bxc4 Bd6 14. Qc2 O-O 15. Rad1 Rfd8 {[%emt 0:01:06] Black is weak on the light squares} 16. g3 g6 17. e4 {[%emt 0:01:06] White is more active.} Kg7 18. Kg2 Qa7 19. a4 Nf8 (19... Bb4 $11) 20. f4 $16 Bc7 {[%emt 0:05:13] [#]} (20... Be7 $142) 21. e5 (21. Qf2 $1 $16) 21... f5 $1 $14 22. Qb3 ({White should try} 22. Qf2 $14) 22... Rxd4 $11 23. Bxf7 {[%emt 0:01:18] Bg8 would now be deadly.} Rb4 24. Qa2 Qb6 25. Rf2 {[%emt 0:00:27] Strongly threatening Bg8.} Rd4 26. Re1 Qb4 27. Bg8 Qe7 {[%emt 0:00:14] Inhibits Qf7+.} 28. Bc4 Qb4 29. Bg8 Qe7 {[%emt 0:00:02] Prevents Qf7+} 30. Bc4 $1 Qb4 31. Bf1 (31. Bg8 $11 {keeps the balance.} Qe7) 31... Re8 $36 {[%emt 0:01:22][%mdl 2048] Black is on the roll.} 32. Rc1 Ne6 33. b3 {[%emt 0:00:56] [#]} (33. Qa3 $142) 33... Bb6 $1 {[%emt 0:00:11][%cal Re6f4] ...Nxf4+! is the strong threat.} 34. Qb2 (34. Kh1 $17) 34... Red8 {[%emt 0:00:38][%cal Re6f4] And now ...Nxf4+! would win.} 35. Na2 {[%emt 0:00:32] Weighted Error Value: White=0.20 (precise) /Black=0.14 (very precise) .  Mistake:       	White=6     	Black=2      Inaccurate:     	White=3     	Black=1      OK:         	White=10    	Black=8      Best:        	White=1     	Black=1      Strong:       	White=1     	Black=2} (35. Rfc2 $142) 1/2-1/2

[Event "Sardinia World Festival-A 2024"]
[Site "Orosei"]
[Date "2024.04.29"]
[Round "3.10"]
[White "Kaczmarek, Aleksander"]
[Black "Parkhov, Yair"]
[Result "0-1"]
[ECO "C02"]
[WhiteElo "2362"]
[BlackElo "2513"]
[Annotator "TA"]
[PlyCount "75"]
[EventDate "2024.04.26"]
[EventType "swiss"]
[EventCountry "ITA"]
[SourceTitle "playchess.com"]
[Source "ChessBase"]
[SourceQuality "1"]
[TimeControl "40/5400+30:1800+30"]

1. e4 e6 2. d4 d5 3. e5 c5 4. c3 Nc6 5. Nf3 Bd7 6. Bd3 cxd4 7. O-O dxc3 8. Nxc3 a6 {[%emt 0:00:23] Black is slightly better.} 9. Bf4 (9. Re1 $11) 9... Bc5 10. Rc1 Nge7 11. Na4 Ba7 12. Nc5 Bxc5 13. Rxc5 Ng6 14. Bg3 O-O (14... Qb6 $17 15. Rc1 Qxb2) 15. Qb1 (15. Rc3 $11) 15... Nb4 {[%emt 0:18:11] Strongly threatening ...Nxd3.} 16. Bxg6 fxg6 17. Bh4 {[%emt 0:05:35] [#]} (17. a3 $142 Nc6 18. Qd3) 17... Qe8 (17... Qb6 $142 $1 18. Rfc1 Bb5) 18. Rc7 $17 Nc6 ({Better is} 18... Bb5 $17 19. Rfc1 Rf7) 19. Qd3 Rf7 {[%emt 0:13:13] White must now prevent ...Qb8.} 20. Qa3 {[%emt 0:07:28] [#] Black converts the advantage convincingly.} (20. Rxb7 $2 Na5 21. Rb6 Bb5 $19) ({White should play} 20. Qe3 $1 $15) 20... h6 $1 21. Rxb7 (21. Bg3 $17 {keeps fighting.}) 21... g5 22. Bg3 g4 23. Nd2 Nd4 24. Kh1 Qc8 25. Qb4 Nb5 26. Rb6 Qc7 27. Qa5 Nd4 28. Nb3 Bb5 $36 {[%emt 0:00:47][%mdl 2048] Black is in control.} 29. Re1 ({Avoid the trap} 29. Nxd4 $2 Bxf1 30. Kg1 (30. Nxe6 $2 {loses.} Qc1 $19) 30... Kh7 $19) (29. Ra1 $142 Nc6 30. Rxc6 Bxc6 (30... Qxc6 $2 31. Nd4 $19) 31. Qxc7 Rxc7 32. Nd4) 29... Nc6 30. Rxc6 Qxc6 31. Rc1 Qe8 32. Qc3 Qe7 33. Qd4 (33. Nd4 $142) 33... Qg5 34. Rc3 h5 {[%emt 0:02:11] ...h4 is the strong threat.} 35. h4 gxh3 36. gxh3 Raf8 37. Nd2 (37. h4 $142 Qf5 38. Nd2) 37... Be2 (37... h4 $142 38. Bxh4 Qh6) 38. Re3 $2 {[%emt 0:00:00] Weighted Error Value: White=0.46/Black=0.33.  Mistake:       	White=9     	Black=4      Inaccurate:     	White=2     	Black=4      OK:         	White=8     	Black=14     Best:        	---       	Black=1      Strong:       	---       	Black=1} (38. Qe3 Qxe3 39. Rxe3) 0-1

[Event "Sardinia World Festival-A 2024"]
[Site "Orosei"]
[Date "2024.04.29"]
[Round "3.11"]
[White "Mikhalevski, Victor"]
[Black "Chyzy, Jakub"]
[Result "1-0"]
[ECO "E01"]
[WhiteElo "2506"]
[BlackElo "2314"]
[Annotator "TA"]
[PlyCount "109"]
[EventDate "2024.04.26"]
[EventType "swiss"]
[EventCountry "ITA"]
[SourceTitle "playchess.com"]
[Source "ChessBase"]
[SourceQuality "1"]
[TimeControl "40/5400+30:1800+30"]

1. Nf3 Nf6 2. c4 e6 3. g3 c5 4. Bg2 d5 5. d4 cxd4 6. O-O Bc5 7. Nxd4 Nc6 8. Nxc6 bxc6 9. Qc2 Be7 10. Nc3 {[%emt 0:02:02] E01: Catalan: Early deviations.} O-O 11. Rd1 Ba6 {[%emt 0:07:08] 11...Qa5 is the modern continuation.} 12. b3 Qa5 13. Bd2 Qa3 $146 ({Predecessor:} 13... Qc7 14. Na4 Rac8 15. Rac1 Ba3 16. Rb1 Bd6 17. Bg5 Nd7 18. e4 dxc4 19. Qd2 c3 20. Qxc3 {1-0 Quispe Arteaga,G (2197)-Yingrui,L (2031) Madrid Chamartin op 6th 2017 (3)}) 14. Na4 Rab8 15. Bf4 Bd6 16. Bc1 Qb4 17. Be3 Qb7 18. Nc5 Qc8 19. Bh3 Re8 20. Rac1 Bf8 21. Bd4 dxc4 22. bxc4 Rb4 23. Nxa6 Qxa6 24. Bxf6 gxf6 25. Rd7 Qa3 26. Rb1 Reb8 {[%emt 0:01:10] [#]} 27. Rxb4 (27. Rbd1 $1 $16 {[%cal Oh3e6] Bxe6! would now be deadly.} Qb2 28. Qd3) 27... Qxb4 $14 28. Kg2 (28. Rxa7 $2 Qe1+ (28... Bc5 $2 29. Kg2 $19) 29. Bf1 Bc5 $19) 28... f5 29. g4 Qb2 30. Qd3 (30. Qxb2 {simplifies} Rxb2 31. gxf5 exf5 32. Kf3) 30... f4 $1 31. Qe4 (31. Rxa7 {seems wilder.} Qe5 32. Kf3 Bc5 33. Ra6) 31... Qf6 32. Rxa7 (32. Qxc6 Rb2 33. Kf3 (33. Rxa7 $2 Rxe2 34. Qf3 Rc2 $19) 33... Rxa2 $19) 32... Rb2 33. Ra5 (33. Qxc6 $2 Rxe2 34. Qf3 Rc2 $19) 33... h6 34. g5 (34. Qxc6 $2 Rxe2 35. g5 Qa1 $19 (35... hxg5 36. Bg4 $17)) 34... hxg5 35. Bg4 (35. Ra8 {with more complications.} Kg7 36. Ra7 Bc5 37. Rd7) 35... Qd8 36. Bxe6 fxe6 (36... Qxa5 $2 37. Qg6+ Bg7 38. Qxf7+ Kh7 39. Bf5+ $18) 37. Qxe6+ (37. Ra7 $5 Bg7 $8 (37... f3+ 38. Qxf3 Be7 39. Qxc6 $16) 38. Qxe6+ Kh8 39. Re7 $11) 37... Kh8 $1 38. Ra7 f3+ ({But not} 38... Qd6 $2 39. Qf7 f3+ (39... Rxe2 40. Qh7#) 40. exf3 $18) 39. Kxf3 Bg7 40. Re7 Rb8 41. Qh3+ Kg8 42. Qe6+ Kh8 43. Kg2 Qd4 44. e3 (44. Qxc6 $2 {gets mated.} Qg4+ 45. Kh1 Rb1#) 44... Qh4 45. Re8+ (45. Rxg7 $5 Rf8 $8 46. Rf7 Rxf7 47. Qxf7 Qg4+ 48. Kf1 Qd1+ 49. Kg2 Qg4+ 50. Kh1 Qd1+ 51. Kg2 Qg4+ $11) 45... Rxe8 46. Qxe8+ Kh7 47. Qe6 (47. Qxc6 $5 Qg4+ $8 48. Kf1 $11) 47... Qh6 48. Qxh6+ Kxh6 49. a4 Bc3 50. Kf3 Kg6 51. Kg4 Bd2 52. f4 Bxe3 53. fxg5 Bxg5 54. a5 Be3 $1 55. a6 (55. Kf3 $5 Bg1 $8 56. h4 $11) 1-0

[Event "Sardinia World Festival-A 2024"]
[Site "Orosei"]
[Date "2024.04.29"]
[Round "3.12"]
[White "Fedoseev, Vladimir"]
[Black "Favaloro, Andrea"]
[Result "1-0"]
[ECO "D36"]
[WhiteElo "2690"]
[BlackElo "2412"]
[Annotator "TA"]
[PlyCount "65"]
[EventDate "2024.04.26"]
[EventType "swiss"]
[EventCountry "ITA"]
[SourceTitle "playchess.com"]
[Source "ChessBase"]
[SourceQuality "1"]
[TimeControl "40/5400+30:1800+30"]

1. d4 d5 2. c4 e6 3. Nc3 Nf6 4. cxd5 exd5 5. Bg5 Be7 6. e3 O-O 7. Bd3 Re8 8. Nge2 Nbd7 9. O-O Nf8 10. a3 a5 11. Qc2 c6 12. Rae1 g6 13. Nc1 (13. Nf4 {is interesting.} Kg7 14. Bh4 Bd6 15. Qb3) 13... Ne6 14. Bh4 {[%emt 0:03:04] The position is equal.} Bd7 15. a4 Nh5 16. Bxe7 Qxe7 17. Be2 Nf6 18. Nd3 Rec8 19. Qb3 c5 {[%emt 0:07:48] [#] Strongly threatening ...c4.} 20. dxc5 Nxc5 21. Nxc5 Qxc5 22. Rd1 $1 (22. Qxb7 $2 Rcb8 $19) 22... Qb4 23. Qa2 Be6 {[%emt 0:00:49][%cal Od5d4] [#] White must now prevent ...d4!} 24. Rd4 Qb6 25. Rfd1 Rc5 26. h3 Ne4 27. Nxd5 Bxd5 28. Rxd5 {[%emt 0:00:06] White wants to play Rd7.} Rc2 {[%emt 0:00:00][%csl LRb2,LRe2] Threatens to win with ...Nc3.} 29. Qb1 (29. Rd7 $5 Rf8 (29... Qf6 30. Bf3 $14) 30. Qb1 (30. Qd5 Rxe2 31. Qxe4 Rxb2 $14) 30... Qxb2 31. Qxb2 (31. Rxb7 $2 {loses.} Qxb1 32. Rdxb1 Rxe2 $19) 31... Rxb2 32. Bc4 $17) 29... Rxe2 30. Qxe4 Rxb2 31. Rd6 Qc5 ({Black should try} 31... Qb4 $1 $14 32. R6d4 Qb6) 32. Qe7 {[%emt 0:04:27] Threatening mate with Rd8+.} b6 $2 (32... Rc2 $16 33. Qxb7 Rf8) 33. Qf6 {[%emt 0:00:28] Weighted Error Value: White=0.07 (flawless) /Black=0.48.  Loses game:     	---       	Black=1      Mistake:       	---       	Black=1      Inaccurate:     	---       	Black=2      OK:         	White=8     	Black=7      Best:        	---       	Black=1      Strong:       	White=1     	---} 1-0

[Event "Sardinia World Festival-A 2024"]
[Site "Orosei"]
[Date "2024.04.29"]
[Round "3.13"]
[White "Shohat, Yotam"]
[Black "Lagarde, Maxime"]
[Result "0-1"]
[ECO "B67"]
[WhiteElo "2398"]
[BlackElo "2640"]
[Annotator "TA"]
[PlyCount "104"]
[EventDate "2024.04.26"]
[EventType "swiss"]
[EventCountry "ITA"]
[SourceTitle "playchess.com"]
[Source "ChessBase"]
[SourceQuality "1"]
[TimeControl "40/5400+30:1800+30"]

1. e4 c5 2. Nf3 d6 3. d4 cxd4 4. Nxd4 Nf6 5. Nc3 Nc6 6. Bg5 e6 7. Qd2 Be7 8. O-O-O a6 9. Kb1 Bd7 10. Nxc6 Bxc6 11. f3 b5 12. h4 {[%emt 0:03:19] B67: Sicilian: Richter-Rauzer: 7...a6 8 0-0-0 Bd7, lines without 9 f4 Be7.} Qc7 13. Ne2 Rb8 $5 {[%emt 0:00:37][%mdl 4] Leaves trodden paths.} 14. Nd4 Bd7 15. Bd3 b4 $146 ({Predecessor:} 15... h5 16. Rhe1 a5 17. Bf1 b4 18. f4 a4 19. e5 dxe5 20. fxe5 Nd5 21. Bxe7 Nxe7 {1-0 Baskin,R (2390)-Nazaretyan,T (2316) Titled Tuesday intern op 31st Aug blitz 2021 (11)}) 16. Rc1 h6 17. Be3 e5 18. Nb3 d5 $1 19. c3 (19. Bxa6 $2 Ra8 20. Be2 d4 21. Nxd4 exd4 22. Qxd4 Be6 23. Bb5+ Nd7 $19) 19... bxc3 20. Rxc3 Qd8 $1 21. Ba7 (21. Bxa6 d4 (21... dxe4 22. Rcc1 $17) 22. Nxd4 exd4 23. Qxd4 O-O $17) 21... Bb4 {[%emt 0:11:11] [#]} (21... Ra8 $11 22. Bc5 dxe4 23. fxe4 O-O) 22. Bc5 (22. Bxb8 $1 $14 Qxb8 23. Nc5 Bxc3 24. Nxd7 (24. Qxc3 dxe4 25. Nxd7 Nxd7 $16) 24... Nxd7 25. Qxc3 dxe4 26. fxe4 (26. Bxe4 O-O $16)) 22... Bxc3 $11 23. Qxc3 d4 24. Qe1 (24. Qd2 $11 {keeps the balance.}) 24... Qc7 (24... Nh5 $1 $17 25. Bxa6 Nf4) 25. Ba3 $11 Be6 26. Nc5 O-O 27. Nxa6 (27. Nxe6 fxe6 28. Bxf8 Kxf8 $11) 27... Qb6 28. Nxb8 (28. Qb4 $14 Qa7 (28... Qxb4 29. Bxb4 Rxb4 30. Nxb4 $18) 29. Qc5) 28... Rxb8 $11 29. Qd2 Ra8 30. Ka1 Nd7 (30... Nh5 $11) 31. Qc2 (31. Rc1 $14) 31... Qa5 $11 32. Rd1 Nb6 $1 33. Qd2 Qa7 34. Bb5 $2 {[%emt 0:04:07] [#]} ({White should play} 34. Qb4 $11) 34... Na4 (34... Bc4 $1 $17 35. Bxc4 Nxc4) 35. Bxa4 ({Better is} 35. Qb4 $11) 35... Qxa4 $15 36. Rc1 Qa6 37. g3 (37. Qe1 $15) 37... f6 $17 38. f4 {[%emt 0:02:24] [#]} Bf7 $1 39. f5 (39. Qb4 {keeps fighting.}) 39... h5 $19 40. Qc2 d3 41. Qd2 Rd8 42. Kb1 Rd4 43. g4 $2 (43. Re1) 43... hxg4 $19 ({Less strong is} 43... Rxe4 44. g5 Bc4 (44... Rxh4 $2 45. gxf6 Qxf6 46. Qxd3 $19) (44... Re2 45. Qb4 $17) 45. Rf1 $19) 44. h5 Rxe4 45. h6 Rc4 46. Re1 Qc8 47. hxg7 $2 (47. b3 {might work better.} Rf4 48. h7+ Kxh7 49. Rh1+ Kg8 50. Qxd3) 47... Qxf5 $19 48. Rh1 (48. b3 $142 Rf4 49. Bc5) 48... Rf4 $19 ({And not} 48... Kxg7 49. Qh6+ Kg8 50. Qh8#) 49. Qg2 Kxg7 50. b3 d2+ 51. Ka1 Rf2 52. Qg1 Bd5 0-1